 Dungeon Crawl Stone Soup version 0.22.1-2-g9c5b331 (webtiles) character file.

146 Tiagovsky the Firebug (level 5, -4/42 HPs)
             Began as a Draconian Fire Elementalist on Dec 28, 2018.
             Killed from afar by an orc wizard (10 damage)
             ... with a magic dart
             ... on level 3 of the Dungeon.
             The game lasted 00:21:36 (3106 turns).

Tiagovsky the Firebug (Draconian Fire Elementalist) Turns: 3106, Time: 00:21:36

Health: -4/42      AC:  5    Str: 10    XL:     5   Next: 7%
Magic:  9/9        EV: 12    Int: 16    God:
Gold:   109        SH:  0    Dex: 12    Spells: 3/9 levels left

rFire    . . .     SeeInvis .   a - +0 whip
rCold    . . .     Gourm    .   (no shield)
rNeg     . . .     Faith    .   (armour unavailable)
rPois    .         Spirit   .   (helmet restricted)
rElec    .         Reflect  .   (no cloak)
rCorr    .         Harm     .   (no gloves)
MR       .....                  (no boots)
Stlth    ++........             (no amulet)
HPRegen  0.14/turn              (no ring)
MPRegen  0.11/turn              (no ring)

@: no status effects
A: unfitting armour, cold-blooded, AC +5
a: no special abilities


You were on level 3 of the Dungeon.
You were hungry.

You visited 1 branch of the dungeon, and saw 3 of its levels.

You collected 109 gold pieces.

Inventory:

Hand Weapons
 a - a +0 whip (weapon)
 g - a +0 dagger
 h - a +0 spear
Missiles
 c - 78 stones (quivered)
 d - 14 arrows
 l - 26 bolts
Wands
 n - a wand of flame (15)
Scrolls
 k - 3 scrolls of identify
 p - a scroll of magic mapping {unknown}
Potions
 e - a potion of magic
 f - a potion of haste
 i - a potion of heal wounds {unknown}
 m - a potion of flight {unknown}
Comestibles
 b - 6 rations


   Skills:
 + Level 2.3 Fighting
 - Level 1.7 Dodging
 - Level 1.7 Stealth
 + Level 2.9 Spellcasting
 + Level 2.5 Conjurations
 + Level 3.8 Fire Magic


You had 3 spell levels left.
You knew the following spells:

 Your Spells              Type           Power        Failure   Level  Hunger
a - Flame Tongue          Conj/Fire      ##...        4%          1    #......
b - Throw Flame           Conj/Fire      ##....       8%          2    ##.....
c - Conjure Flame         Conj/Fire      ##......     16%         3    ###....

Your spell library contained the following spells:

 Spells                   Type           Power        Failure   Level  Hunger
 Inner Flame              Hex/Fire       #.......     26%         3    ###....
 Sticky Flame             Conj/Fire      ##......     45%         4    #####..
 Fireball                 Conj/Fire      ##........   80%         5    ######.


Dungeon Overview and Level Annotations

Branches:
Dungeon (3/15)

Altars:
Dithmenos


Innate Abilities, Weirdness & Mutations

Your plain brown scales are hard. (AC +5)
You cannot fit into any form of body armour.
You are cold-blooded and may be slowed by cold attacks.


Message History

It was a potion of haste.
You feel yourself speed up. The orc wizard hits you with a dagger.
* * * LOW HITPOINT WARNING * * *
The orc wizard gestures wildly while chanting.
The orc wizard flickers and vanishes!
Deactivating autopickup; reactivate with Ctrl-A.
A magic dart appears from out of thin air!
The magic dart hits you!
* * * LOW HITPOINT WARNING * * *
You see here a stone.
Your extra speed is starting to run out.
You feel yourself slow down.
An orc wizard appears from thin air!
Reactivating autopickup.
The orc wizard points at you and mumbles some strange words.
The magic dart hits you!
* * * LOW HITPOINT WARNING * * *
The orc wizard points at you and mumbles some strange words.
The magic dart hits you!
You die...

###.########...##.##.............
o.........##...##.##.#...##.#####
###.#####.##.####.##.###.##.# #.#
#.##.# #.##.# #.##.# #.# #....#
#.##.# ####.# #.# ####.# #.##.#
#.# #.# ### #.##.######.###
#.#############.##..).......###
#........o....@...............#
######.########.##.##########.#
#.# #.##.# #.# #.#
#.#############.# #.#
#................ #.#
#.#############.# ### ### ###


You could see an orc wizard.

Vanquished Creatures
  Terence (D:2)
  An orc wizard (D:3)
  3 adders
  2 worms (D:2)
  A dart slug (D:2)
  3 leopard geckos
  5 orcs
  2 giant cockroaches
  4 goblins
  8 hobgoblins
  A quokka (D:3)
  7 bats
  5 frilled lizards
  7 kobolds
  3 rats
53 creatures vanquished.

Notes
Turn   | Place    | Note
-------+----------+-------------------------------------------
     0 | D:1      | Tiagovsky the Draconian Fire Elementalist began the quest
                  | for the Orb.
     0 | D:1      | Reached XP level 1. HP: 14/14 MP: 3/3
   558 | D:1      | Reached XP level 2. HP: 22/22 MP: 0/5
   957 | D:2      | Reached skill level 1 in Fighting
  1022 | D:2      | Reached XP level 3. HP: 27/28 MP: 1/6
  1068 | D:2      | Found a shadowy altar of Dithmenos.
  1073 | D:2      | Noticed Terence
  1100 | D:2      | Killed Terence
  1212 | D:2      | Learned a level 2 spell: Throw Flame
  1216 | D:2      | Learned a level 3 spell: Conjure Flame
  1466 | D:2      | Reached XP level 4. HP: 33/36 MP: 5/7
  2568 | D:2      | Reached XP level 5. HP: 21/42 MP: 7/9
  3034 | D:3      | HP: 1/42 [something/magic dart (5)]
  3106 | D:3      | Killed from afar by an orc wizard

Skill      XL: |  1  2  3  4 |
---------------+-------------+-----
Fighting       | 1 2 |  2.3
Conjurations   | 2 |  2.5
Dodging        | |  1.7
Stealth        | |  1.7
Spellcasting   | |  2.9
Fire Magic     | |  3.8

Action                   |  1- 3 |  4- 6 || total
-------------------------+-------+-------++-------
Melee: Whip              |    30 |    51 ||    81
       Tailslap          |     4 |     3 ||     7
Throw: Stone             |    16 |     8 ||    24
       Tomahawk          |    17 |    32 ||    49
 Cast: Flame Tongue      |    42 |    37 ||    79
       Throw Flame       |       |     3 ||     3
  Use: Scroll            |     1 |       ||     1
       Potion            |       |     1 ||     1
  Eat: Chunk             |     2 |     5 ||     7
Armor: Skin              |    11 |    21 ||    32
Dodge: Dodged            |    36 |    24 ||    60
